 Dungeon Crawl Stone Soup version 0.31-a0-200-gbc41564c69 (webtiles) character file.

Game seed: 10138939250487056824

1737 qw the Skirmisher (level 8, -2/46 HPs)
             Began as a Deep Elf Hunter on June 25, 2023.
             Was an Initiate of Okawaru.
             Slain by a gnoll bouda
             ... wielding a +0 whip
              (7 damage)
             ... on level 7 of the Dungeon.
             The game lasted 00:01:43 (4182 turns).

qw the Skirmisher (Deep Elf Hunter)                 Turns: 4182, Time: 00:01:43

Health: -2/46      AC:  7    Str: 10    XL:     8   Next: 76%
Magic:  10/10      EV: 12    Int: 15    God:    Okawaru [......]
Gold:   330        SH:  0    Dex: 18    Spells: 7/7 levels left

rFire   . . .        Y - +3 shortbow (freeze)
rCold   . . .        (shield currently unavailable)
rNeg    . . .        a - +0 ring mail
rPois   .            k - +0 helmet
rElec   .            (no cloak)
rCorr   .            (no gloves)
SInv    .            i - +0 pair of boots
Will    .....        (no amulet)
Stlth   +            (no ring)
HPRegen 0.27/turn    (no ring)
MPRegen 0.12/turn

%: no passive effects
@: about to teleport
A: no striking features
a: Renounce Religion


You were on level 7 of the Dungeon.
You worshipped Okawaru.
Okawaru was noncommittal.
You visited 2 branches of the dungeon, and saw 8 of its levels.

You collected 330 gold pieces.


   Skills:
 - Level 3.2 Fighting
 + Level 13.5 Ranged Weapons
 - Level 1.3 Armour
 - Level 5.3 Dodging
 - Level 1.2 Stealth


You had 7 spell levels left.
You didn't know any spells.
Your spell library was empty.

Inventory:

Hand Weapons
 Y - a +3 shortbow of freezing (weapon)
Armour
 a - a +0 ring mail (worn)
 i - a +0 pair of boots (worn)
 k - a +0 helmet (worn)
Scrolls
 c - a scroll of identify
Potions
 b - 2 potions of curing
 d - a potion of haste
 e - a potion of cancellation
 f - a potion of mutation
 g - a potion of heal wounds {unknown}
 h - a potion of enlightenment {unknown}
 j - a potion of attraction {unknown}
 l - a potion of brilliance {unknown}
 m - a potion of ambrosia {unknown}

Dungeon Overview and Level Annotations

Branches:
Dungeon (7/15)             Temple (1/1) D:6

Altars:
Ashenzari
Cheibriados
Dithmenos
Elyvilon
Fedhas
Gozag
Hepliaklqana
Kikubaaqudgha
Makhleb
Nemelex Xobeh
Okawaru
Qazlal
Ru
Sif Muna
Trog
Uskayaw
Vehumet
Wu Jian
Xom
Yredelemnul
Zin

Annotations:
D:3 2 runed translucent doors


Message History

You kill the gnoll!
Okawaru accepts your kill.
The gnoll hits you from afar with a +0 spear!
You shoot an arrow. The arrow hits the gnoll.
The arrow freezes the gnoll.
The gnoll is severely wounded.
The gnoll hits you from afar with a +0 spear!
You shoot an arrow.
The arrow hits the gnoll but does no damage.
The gnoll hits you with a +0 flail. The gnoll barely misses you.
You shoot an arrow. The arrow completely misses the gnoll.
The gnoll hits you from afar with a +0 spear.
The gnoll barely misses you. The gnoll closely misses you.
You shoot an arrow. The arrow hits the gnoll.
The arrow freezes the gnoll.
The gnoll is severely wounded.
Your attacks no longer feel as feeble.
The gnoll hits you from afar with a +0 spear.
The gnoll bouda calls upon its god to heal the gnoll.
The gnoll is healed somewhat.
You shoot an arrow. The arrow hits the gnoll.
The arrow freezes the gnoll.
You kill the gnoll!
Okawaru accepts your kill. The gnoll closely misses you.
The gnoll hits you but does no damage.
You shoot an arrow. The arrow hits the gnoll!
The arrow freezes the gnoll.
You kill the gnoll!
Okawaru accepts your kill. The gnoll completely misses you.
You shoot an arrow.
The arrow hits the gnoll bouda but does no damage.
The gnoll bouda hits you but does no damage.
The gnoll hits you from afar with a +0 halberd.
You shoot an arrow. The arrow hits the gnoll bouda!
The arrow freezes the gnoll bouda.
The gnoll bouda is heavily wounded.
The gnoll bouda hits you with a +0 whip!
The gnoll barely misses you.
4182 ||| READING scroll of teleportation.
As you read the scroll of teleportation, it crumbles to dust.
You feel strangely unstable.
The gnoll bouda hits you with a +0 whip!
You die...

...# ##..#.......
#...#+++#......##... .
#.............###..
..####............###...
....................#...
.................#....#.
##..)g.......)..##...#.
.#...)g)#...####.###..#.
.......@#....#...#.#....
.......#................
.......##.....(.........
.$.##.. #...............
.. #.. .......#........
. #...###....#.....#..
.... ##...[.....#.. ...
#............
.......<.....


You could see a gnoll bouda and a gnoll (swift).

Vanquished Creatures
  A cyclops (D:6)
  Sigmund (D:6)
  A sky beast (D:5)
  An ice beast (D:6)
  2 ogres
  2 phantoms
  A kobold brigand (D:6)
  A bullfrog (D:6)
  2 scorpions
  2 hounds (D:5)
  Jessica (D:3)
  4 iguanas (D:5)
  An orc wizard (D:6)
  7 gnolls (D:7)
  8 adders
  A shadow imp (D:6)
  An ufetubus (D:6)
  A worm (D:3)
  3 dart slugs
  6 orcs
  4 endoplasms
  8 giant cockroaches
  8 goblins
  11 hobgoblins
  8 jackals (D:1)
  4 quokkas
  8 ball pythons
  7 bats
  3 frilled lizards
  9 kobolds
  7 rats
124 creatures vanquished.

Notes
Turn   | Place    | Note
-------+----------+-------------------------------------------
     0 | D:1      | qw the Deep Elf Hunter began the quest for the Orb.
     0 | D:1      | Reached XP level 1. HP: 12/12 MP: 3/3
     0 | D:1      | 0 ||| qw: Version: 0.3-a-22-g0ed2b0b
     0 | D:1      | 0 ||| qw: Game counter: 5559
     0 | D:1      | 0 ||| qw: Melee chars always use a shield: true
     0 | D:1      | 0 ||| qw: God list: Okawaru
     0 | D:1      | 0 ||| qw: Allow faded altars: false
     0 | D:1      | 0 ||| qw: Do Orc after clearing Dungeon:15 true
     0 | D:1      | 0 ||| qw: Do second Lair branch before Depths: true
     0 | D:1      | 0 ||| qw: Lair rune preference: random
     0 | D:1      | 0 ||| qw: Goals: Normal
     0 | D:1      | 0 ||| PLANNING D:1-11
   210 | D:1      | Reached skill level 6 in Ranged Weapons
   210 | D:1      | Reached XP level 2. HP: 16/16 MP: 4/4
   572 | D:1      | Reached XP level 3. HP: 17/20 MP: 5/5
   782 | D:1      | 782 ||| READING scroll labelled JIRUMU VUOCS.
   783 | D:1      | 783 ||| READING scroll labelled NELISTR OLOQ.
   784 | D:1      | 784 ||| READING scroll labelled HASHEUTAGH.
   785 | D:1      | 785 ||| DRINKING 2 fizzy cyan potions.
   786 | D:1      | 786 ||| DROPPING scroll of butterflies.
   883 | D:2      | Reached skill level 7 in Ranged Weapons
  1261 | D:2      | 1261 ||| UPGRADING to +0 ring mail.
  1271 | D:2      | 1271 ||| DROPPING +0 leather armour.
  1272 | D:2      | 1272 ||| UPGRADING to +0 pair of boots.
  1277 | D:2      | 1277 ||| READING scroll labelled JIHES SAIH.
  1278 | D:2      | 1278 ||| READING scroll labelled HAKHONELIA.
  1279 | D:2      | 1279 ||| READING scroll labelled PAMOWNY VUSE.
  1503 | D:3      | Found a large runed translucent door.
  1503 | D:3      | Found a large runed translucent door.
  1505 | D:3      | Found a shimmering altar of Xom.
  1557 | D:3      | Noticed an ogre
  1563 | D:3      | Reached XP level 4. HP: 25/25 MP: 6/6
  1565 | D:3      | Killed an ogre
  1566 | D:3      | Reached skill level 8 in Ranged Weapons
  1566 | D:3      | Reached XP level 5. HP: 28/29 MP: 7/7
  1661 | D:3      | Noticed Jessica
  1665 | D:3      | Killed Jessica
  1861 | D:3      | 1861 ||| READING 2 scrolls labelled WELEPA ZUAMYTZ.
  1862 | D:3      | 1862 ||| READING scroll of enchant weapon.
  1862 | D:3      | 1862 ||| ENCHANTING +1 shortbow of freezing.
  1863 | D:3      | 1863 ||| READING 2 scrolls labelled VAGRAYTREJ.
  1864 | D:3      | 1864 ||| READING 3 scrolls labelled JEGGAS PULEIL.
  1865 | D:3      | 1865 ||| DRINKING 3 white potions.
  1866 | D:3      | 1866 ||| DROPPING 2 scrolls of poison.
  1867 | D:3      | 1867 ||| DROPPING 2 potions of degeneration.
  1869 | D:3      | 1869 ||| Stepping ~*~*~tactically~*~*~ (cloud).
  1995 | D:4      | Reached skill level 9 in Ranged Weapons
  2044 | D:4      | Noticed a phantom
  2052 | D:4      | Killed a phantom
  2053 | D:4      | Reached XP level 6. HP: 29/36 MP: 8/8
  2531 | D:4      | 2531 ||| UPGRADING to +0 helmet.
  2536 | D:4      | 2536 ||| READING 3 scrolls of identify.
  2536 | D:4      | 2536 ||| IDENTIFYING fizzy golden potion
  2537 | D:4      | 2537 ||| READING 2 scrolls of identify.
  2537 | D:4      | 2537 ||| IDENTIFYING brown potion
  2548 | D:5      | Entered Level 5 of the Dungeon
  2624 | D:5      | Reached skill level 1 in Armour
  2690 | D:5      | Noticed a sky beast
  2694 | D:5      | Killed a sky beast
  2695 | D:5      | Reached skill level 10 in Ranged Weapons
  2718 | D:5      | Reached XP level 7. HP: 40/40 MP: 9/9
  2740 | D:5      | Reached skill level 3 in Dodging
  3138 | D:5      | 3138 ||| READING scroll labelled KONEOSHOXEGH.
  3142 | D:5      | 3142 ||| READING scroll labelled MITHALIYSE.
  3254 | D:6      | Reached skill level 11 in Ranged Weapons
  3298 | D:6      | Noticed a cyclops
  3307 | D:6      | Killed a cyclops
  3308 | D:6      | Reached skill level 12 in Ranged Weapons
  3308 | D:6      | Reached XP level 8. HP: 31/45 MP: 10/10
  3381 | D:6      | Found a staircase to the Ecumenical Temple.
  3382 | D:6      | 3382 ||| PLANNING TEMPLE
  3390 | Temple   | Entered the Ecumenical Temple
  3390 | Temple   | Found a transporter.
  3390 | Temple   | Found a transporter.
  3392 | Temple   | Found a transporter.
  3392 | Temple   | Found a transporter.
  3402 | Temple   | 3402 ||| PLANNING D:1-11
  3475 | D:6      | Reached skill level 3 in Fighting
  3551 | D:6      | 3551 ||| READING scroll of enchant weapon.
  3551 | D:6      | 3551 ||| ENCHANTING +2 shortbow of freezing.
  3575 | D:6      | Noticed Sigmund
  3577 | D:6      | Killed Sigmund
  3699 | D:6      | Found an iron altar of Okawaru.
  3700 | D:6      | 3700 ||| PLANNING OKAWARU WORSHIP
  3700 | D:6      | 3700 ||| READING 2 scrolls of identify.
  3700 | D:6      | 3700 ||| IDENTIFYING black potion
  3708 | D:6      | Became a worshipper of Warmaster Okawaru
  3709 | D:6      | 3709 ||| PLANNING D:1-11
  3737 | D:6      | Found an ornate altar of the Wu Jian Council.
  3847 | D:6      | Reached skill level 13 in Ranged Weapons
  3896 | D:6      | 3896 ||| Stepping ~*~*~tactically~*~*~ (outnumbered).
  3898 | D:6      | 3898 ||| Stepping ~*~*~tactically~*~*~ (outnumbered).
  4181 | D:7      | HP: 4/46 [gnoll bouda/+0 whip (9)]
  4182 | D:7      | 4182 ||| READING scroll of teleportation.
  4182 | D:7      | Slain by a gnoll bouda

Levels and vault maps discovered:
D:1:      lightli_iron_boxes, layout_basic, minmay_tetromino_l4
D:2:      layout_rooms, minmay_misc_feat_hallway
D:3:      due_chaos_kobolds, layout_rooms, minmay_fractal_squares_5,
          uniq_jessica
D:4:      layout_loops_ring
D:5:      layout_rooms, kennysheep_crisscross, nicolae_letterblocks
          [nicolae_letter_subblock, nicolae_letter_subblock,
          nicolae_letter_subblock, nicolae_letter_subblock,
          nicolae_letter_subblock, nicolae_letter_subblock,
          nicolae_letter_subblock, nicolae_letter_subblock,
          nicolae_letter_subblock, nicolae_letter_subblock,
          nicolae_letter_subblock, nicolae_letter_subblock,
          nicolae_letter_subblock, nicolae_letter_subblock,
          nicolae_letter_subblock, nicolae_letter_subblock,
          nicolae_letter_subblock, nicolae_letter_subblock,
          nicolae_letter_subblock, nicolae_letter_subblock,
          nicolae_letter_subblock, nicolae_letter_subblock,
          nicolae_letter_subblock, nicolae_letter_subblock,
          nicolae_letter_subblock]
D:6:      layout_gridville, mainiacjoe_overflow_catch_the_wave, temple_hall,
          uniq_sigmund
D:7:      layout_cave_pools, serial_gnoll_camp, gnoll_camp_mini_hut,
          gnoll_camp_mini_loothouse, gnoll_camp_mini_doghouse,
          gnoll_camp_medium_02, gnoll_camp_medium_01, gnoll_camp_huts_basic
Temple:   hellmonk_temple_divided_pantheon

Skill      XL: |  1  2  3  4  5  6  7  8 |
---------------+-------------------------+-----
Ranged Weapons | 6 7 8 9 10 12 13 | 13.5
Fighting       | 2 3 |  3.2
Armour         | 1 |  1.3
Dodging        | 3 5 |  5.3
Stealth        | |  1.2

Action                     |  1- 3 |  4- 6 |  7- 9 || total
---------------------------+-------+-------+-------++-------
   Fire: Shortbow          |   164 |    78 |   130 ||   372
    Use: Scroll            |     6 |     6 |     5 ||    17
         Potion            |     1 |     1 |       ||     2
 Armour: Leather armour    |    14 |       |       ||    14
         Ring mail         |     1 |    10 |    17 ||    28
  Dodge: Dodged            |    39 |    17 |    18 ||    74

Table legend:
 A = Non-vault XP
 B = Vault XP
 C = Vault XP percentage of total XP
 D = Non-vault monster count
 E = Vault monster count
 F = Vault count percentage of total count
                 A         B        C        D         E       F
            +---------+---------+-------+---------+---------+-------
      Total |    2021 |     461 |  18.6 |     110 |      14 |  11.3
            +---------+---------+-------+---------+---------+-------
        D:1 |      51 |       6 |  10.5 |      29 |       3 |   9.4
        D:2 |      24 |       0 |   0.0 |      16 |       0 |   0.0
        D:3 |      24 |     168 |  87.5 |      15 |       7 |  31.8
        D:4 |     157 |       0 |   0.0 |      14 |       0 |   0.0
        D:5 |     592 |       0 |   0.0 |      13 |       0 |   0.0
        D:6 |    1113 |     243 |  17.9 |      19 |       1 |   5.0
        D:7 |      60 |      44 |  42.3 |       4 |       3 |  42.9
            +---------+---------+-------+---------+---------+-------
